 Dungeon Crawl Stone Soup version 0.23-a0-78-gc252fe1 (webtiles) character file.

29 lukekx100 the Grave Robber (level 3, 0/24 HPs)
             Began as a Human Necromancer on Aug 10, 2018.
             Slain by a worm (8 damage)
             ... on level 2 of the Dungeon.
             The game lasted 00:07:46 (1703 turns).

lukekx100 the Grave Robber (Human Necromancer)      Turns: 1703, Time: 00:07:47

Health: 0/24       AC:  2    Str:  8    XL:     3   Next: 32%
Magic:  6/6        EV: 12    Int: 15    God:
Gold:   121        SH:  0    Dex: 14    Spells: 2/7 levels left

rFire    . . .     SeeInvis .   g - +0 dagger
rCold    . . .     Gourm    .   (no shield)
rNeg     . . .     Faith    .   a - +0 robe
rPois    .         Spirit   .   (no helmet)
rElec    .         Reflect  .   (no cloak)
rCorr    .         Harm     .   (no gloves)
MR       .....                  (no boots)
Stlth    ++........             (no amulet)
HPRegen  0.08/turn              (no ring)
MPRegen  0.10/turn              (no ring)

@: no status effects
A: no striking features
a: no special abilities


You were on level 2 of the Dungeon.
You were not hungry.

You visited 1 branch of the dungeon, and saw 2 of its levels.

You collected 121 gold pieces.

Inventory:

Hand Weapons
 g - a +0 dagger (weapon)
Armour
 a - a +0 robe (worn)
 l - a +0 chain mail
Scrolls
 d - a scroll of enchant armour {unknown}
 e - a scroll of magic mapping {unknown}
 f - 4 scrolls of teleportation {unknown}
 h - 2 scrolls of amnesia {unknown}
 j - 2 scrolls of remove curse {unknown}
 k - a scroll of immolation {unknown}
Potions
 b - 4 potions of curing {unknown}
 i - 3 potions of heal wounds {unknown}
Comestibles
 c - 2 rations


   Skills:
 + Level 0.2 Fighting
 + Level 2.0 Dodging
 * Level 2.3 Stealth
 + Level 0.2 Unarmed Combat
 * Level 2.5 Spellcasting
 * Level 4.4 Necromancy


You had 2 spell levels left.
You knew the following spells:

 Your Spells              Type           Power        Failure   Level  Hunger
a - Pain                  Necr           ###.         3%          1    #......
b - Animate Skeleton      Necr           N/A          3%          1    #......
c - Regeneration          Chrm/Necr      #.........   26%         3    ###....

Your spell library contained the following spells:

 Spells                   Type           Power        Failure   Level  Hunger
 Animate Dead             Necr           N/A          34%         4    #####..
 Vampiric Draining        Necr           ###.......   11%         3    ###....


Dungeon Overview and Level Annotations

Branches:
Dungeon (2/15)

Altars:

Annotations:
D:2 Jessica


Message History

You are too injured to fight recklessly!
You are too injured to fight recklessly!
You are too injured to fight recklessly!
You are too injured to fight recklessly!
You are too injured to fight recklessly!
You are too injured to fight recklessly!
You hit the worm.
The worm is moderately wounded.
You hit the worm.
The worm is heavily wounded.
The worm barely misses you.
You hit the worm.
The worm is heavily wounded.
The worm bites you.
You hit the worm.
The worm is heavily wounded.
You barely miss the worm.
The worm is heavily wounded.
The worm bites you!
You die...

#.# #.# # #.#
##.######### ######.#
#........... #......#
#..######### #.######
#..#
###.###############..#
####...)................#
.....#.######.#########.#
####†#.# #...@w......#
#.#.# ###########.# #.#.#
#.. #.<.# ###.# #.#


You could see a worm.

Vanquished Creatures
  4 dart slugs
  A ball python (D:1)
  A giant cockroach (D:1)
  2 goblins
  5 hobgoblins
  A quokka (D:2)
  4 bats
  A kobold (D:1)
  A rat (D:1)
20 creatures vanquished.

Notes
Turn   | Place    | Note
-------+----------+-------------------------------------------
     0 | D:1      | lukekx100 the Human Necromancer began the quest for the Orb.
     0 | D:1      | Reached XP level 1. HP: 13/13 MP: 3/3
    67 | D:1      | Learned a level 1 spell: Animate Skeleton
   500 | D:1      | Reached XP level 2. HP: 19/19 MP: 3/5
   996 | D:1      | You fall through a shaft!
  1138 | D:2      | Reached XP level 3. HP: 11/24 MP: 0/6
  1368 | D:2      | Learned a level 3 spell: Regeneration
  1679 | D:2      | Noticed Jessica
  1703 | D:2      | Slain by a worm

Vault maps used:
D:1:      dpeg_arrival_three_same_balls, minmay_pentomino_z2
D:2:      uniq_jessica

Action                   || total
-------------------------++-------
Melee: Unarmed           ||    12
       Dagger            ||    34
 Cast: Pain              ||    39
  Eat: Chunk             ||     1
       Ration            ||     1
Armor: Robe              ||     9
       Chain mail        ||     9
Dodge: Dodged            ||    27

Table legend:
 A = Non-vault XP
 B = Vault XP
 C = Vault XP percentage of total XP
 D = Non-vault monster count
 E = Vault monster count
 F = Vault count percentage of total count
 G = Total turns spent on level
                 A         B        C        D         E       F
            +---------+---------+-------+---------+---------+-------
      Total |      40 |       2 |   4.8 |      19 |       1 |   5.0
            +---------+---------+-------+---------+---------+-------
        D:1 |      17 |       2 |  10.5 |       9 |       1 |  10.0
        D:2 |      23 |       0 |   0.0 |      10 |       0 |   0.0
            +---------+---------+-------+---------+---------+-------
